 Dungeon Crawl Stone Soup version 0.16-a0-4074-gf2895d3 (webtiles) character file.

9191 rgaf the Nimble (level 11, -4/60 (64) HPs)
             Began as a Deep Elf Fire Elementalist on Feb 22, 2015.
             Was an Elder of Vehumet.
             Slain by ryw's ghost (7 damage)
             ... on level 10 of the Dungeon.
             The game lasted 01:02:48 (15904 turns).

rgaf the Nimble (Deep Elf Fire Elementalist)       Turns: 15904, Time: 01:02:48

HP:   -4/60 (64)    AC: 10    Str:  7    XL:     11   Next: 19%
MP:   31/31         EV: 18    Int: 27    God:    Vehumet [****..]
Gold: 259           SH:  0    Dex: 15    Spells: 8 memorised, 3 levels left

rFire  . . .     SeeInvis .     e - +2 long sword (holy)
rCold  . . .     Clarity  .     a - +0 robe
rNeg   . . .     SustAb   .     (no shield)
rPois  +         Gourm    .     w - +2 helmet "Frarah" {rPois Str+2}
rElec  .         Spirit   .     o - +0 cloak
rCorr  .         Warding  .     (no gloves)
rMut   +         Stasis   .     R - +2 pair of boots
MR     +....                    y - amulet of resist mutation (curse)
Stlth  +++.......               W - +3 ring of intelligence
                                x - ring of stealth

@: somewhat resistant to hostile enchantments, fairly stealthy
A: no striking features
a: Renounce Religion


You were on level 10 of the Dungeon.
You worshipped Vehumet.
Vehumet was greatly pleased with you.
You were hungry.

You visited 2 branches of the dungeon, and saw 12 of its levels.

You collected 556 gold pieces.
You spent 297 gold pieces at shops.

Inventory:

Hand weapons
 e - a +2 long sword of holy wrath (weapon)
 h - the cursed -1 quarterstaff "Amud" {antimagic, Noisy rElec rPois rN+ Str-3}
   (You bought it in a shop on level 6 of the Dungeon)

   It disrupts the flow of magical energy around spellcasters and certain
   magical creatures (including the wielder).
   It affects your strength (-3).
   It insulates you from electricity.
   It protects you from poison.
   It protects you from negative energy.
   It may make noises in combat.
   It has a curse placed upon it.
 j - a +0 dagger
 F - a +3 dagger of draining
 I - the +4 flail "Veiso" {freeze, -Tele rElec MR+ MP+9}
   (You found it on level 7 of the Dungeon)

   It has been specially enchanted to freeze those struck by it, causing extra
   injury to most foes and up to half again as much damage against particularly
   susceptible opponents.
   It can also slow down cold-blooded creatures.
   It insulates you from electricity.
   It affects your resistance to hostile enchantments.
   It affects your magic capacity (+9).
   It prevents most forms of teleportation.
Armour
 a - a +0 robe (worn)
 o - a +0 cloak (worn)
 w - the +2 helmet "Frarah" (worn) {rPois Str+2}
   (You took it off Robin on level 2 of the Dungeon)

   It affects your strength (+2).
   It protects you from poison.
 B - a +0 pair of boots
 R - a +2 pair of boots (worn)
Jewellery
 x - a ring of stealth (left hand)
 y - a cursed amulet of resist mutation (around neck)
 E - a cursed amulet of guardian spirit
 W - a +3 ring of intelligence (right hand)
Magical devices
 d - a wand of random effects (9)
 m - a wand of digging (5)
 D - a wand of paralysis (6)
 G - a wand of magic darts (11)
 H - a wand of flame (24)
 N - a wand of draining (5)
 T - a wand of cold (3)
 U - a wand of confusion (7)
Scrolls
 g - 2 scrolls of enchant weapon
 i - 3 scrolls of amnesia
 l - 2 scrolls of vulnerability
 p - 2 scrolls of remove curse
 q - a scroll of recharging
 M - a scroll of magic mapping
 P - a scroll of holy word {unknown}
Potions
 f - a potion of restore abilities {unknown}
 k - a potion of brilliance
 n - a potion of might {unknown}
 r - 2 potions of poison
 t - a potion of flight {unknown}
 u - a potion of heal wounds {unknown}
 z - 5 potions of ambrosia
 A - a potion of decay
 C - 2 potions of resistance
 J - 2 potions of cancellation {unknown}
 K - a potion of cure mutation {unknown}
 L - a potion of magic {unknown}
 S - 2 potions of agility
 V - 2 potions of berserk rage {unknown}
Books
 b - a book of Flames

   Spells                             Type                      Level
   a - Flame Tongue                   Conjuration/Fire             1
   b - Throw Flame                    Conjuration/Fire             2
   c - Conjure Flame                  Conjuration/Fire             3
   d - Inner Flame                    Hexes/Fire                   3
   e - Sticky Flame                   Conjuration/Fire             4
   f - Fireball                       Conjuration/Fire             5
Comestibles
 c - 3 bread rations
 v - 5 fruits


   Skills:
 + Level 5.8 Fighting
 + Level 5.9 Armour
 + Level 9.0 Dodging
 - Level 2.4 Stealth
 - Level 8.2 Spellcasting
 - Level 6.8 Conjurations
 - Level 7.9 Fire Magic
 + Level 6.1 Air Magic


You had 3 spell levels left.
You knew the following spells:

 Your Spells              Type           Power        Failure   Level  Hunger
a - Flame Tongue          Conj/Fire      #####        1%          1    None
b - Throw Flame           Conj/Fire      ######       1%          2    None
c - Conjure Flame         Conj/Fire      ######..     1%          3    None
d - Sticky Flame          Conj/Fire      ######..     1%          4    ##.....
e - Shock                 Conj/Air       ####         1%          1    None
f - Fireball              Conj/Fire      ######....   2%          5    ####...
g - Mephitic Cloud        Conj/Pois/Air  ####....     1%          3    None
h - Airstrike             Air            #####.....   1%          4    ##.....


Dungeon Overview and Level Annotations

Branches:
Dungeon (11/15)            Temple (1/1) D:6            Lair (0/8) D:10
    Orc: D:9-12

Altars:
Ashenzari
Cheibriados
Dithmenos
Elyvilon
Fedhas
Gozag
Kikubaaqudgha
Makhleb
Nemelex Xobeh
Okawaru
Qazlal
Ru
Sif Muna
Trog
Vehumet
Xom
Yredelemnul
Zin
The Shining One

Shops:
D:6 (   D:7 (

Annotations:
D:8 exclusion: oklob sapling
D:10 ryw's ghost, powerful HuFi


Message History

Read which item? (? for menu, Esc to quit)
Okay, then.
m - a wand of digging Ryw's ghost shrieks, "I have seen your future, and it is all used up."
Ryw's ghost hits you.
* * * LOW HITPOINT WARNING * * *
The orc warrior barely misses you. The orc hits you but does no damage.
Evoke which item? (* to show all) (? for menu, Esc to quit)
Okay, then.
Evoke which item? (* to show all) (? for menu, Esc to quit)
Okay, then.
Press: ? - help, v - describe, . - travel The floor, spattered with blood.
Evoke which item? (* to show all) (? for menu, Esc to quit)
Zapping:
m - a wand of digging (will waste charges)
Press: ? - help, Shift-Dir - straight line The rock shatters into small pieces.
Evoking this partially-identified wand wasted a few charges.
Ryw's ghost hits you!
You die...

*,,#.#####.######.#
*,#.#* #.# #.#
****#,#.***###.#
#.#
*,.......,,..#.#
#.#
##,#...#.#**#.#.##
#.# ,........#
#.#..# #.#
*#.#....[# #.##.#
#.# #.,.#.#.>#
#.##W#####.##
.#*#.....#
##.##@........ .#
#.#.<.#
#.ooo.####(###
.###....#* #.c####
#.# ....#.#.####..#
#.#
)#)##..>......###
#.#
)#.####.#.).....#
#.# .#.#
#.#.##.##.# #.#
.#.#
##.#.##.##.#####.#
.#.#
#................#


You could see an orc warrior (inner flame), a centaur, ryw's ghost (inner flame)
and 2 orcs.

Vanquished Creatures
  The ghost of gressup the Severer, an experienced MiBe of Trog (D:9)
  A cyclops (D:9)
  Grinder (D:3)
  A two-headed ogre (D:8)
  A troll (D:10)
  3 wandering mushrooms (D:8)
  A deep elf mage (D:10)
  A wyvern (D:9)
  10 yaks (D:9)
  The ghost of agentgt the Shield-Bearer, an average FoFi (D:6)
  A hungry ghost (D:7)
  Edmund (D:6)
  2 hippogriffs
  4 orc warriors
  A wasp (D:9)
  3 ogres
  A necrophage (D:7)
  2 sky beasts
  2 black bears
  7 centaurs
  A phantom (D:8)
  Sigmund (D:2)
  5 giant frogs
  12 killer bees
  2 scorpions
  10 wights
  A centaur zombie (D:7)
  3 goliath beetles
  3 hounds
  2 giant frog zombies
  2 giant frog skeletons
  A jelly (D:8)
  2 crimson imps (D:5)
  Crazy Yiuf (D:3)
  An orc priest (D:6)
  2 quasits
  11 worker ants
  A centaur skeleton (D:5)
  2 iguanas (D:10)
  6 orc wizards
  A hound skeleton (D:7)
  A hound zombie (D:8)
  3 mummies (D:7)
  2 worker ant zombies (D:8)
  Robin (D:2)
  7 gnolls (D:6)
  A shadow imp (D:9)
  8 adders
  3 giant mites
  4 worms
  2 adder skeletons
  An adder zombie (D:9)
  5 giant geckos
  49 orcs
  3 ball pythons
  4 giant cockroaches
  23 goblins
  16 hobgoblins
  7 jackals
  20 kobolds
  8 quokkas
  18 bats
  5 giant newts
  A giant spore (D:6)
  A quokka skeleton (D:8)
  14 rats
322 creatures vanquished.

Vanquished Creatures (others)
  A kobold (D:6)
1 creature vanquished.

Grand Total: 323 creatures vanquished

Notes
Turn   | Place    | Note
--------------------------------------------------------------
     0 | D:1      | rgaf, the Deep Elf Fire Elementalist, began the quest for the Orb.
     0 | D:1      | Reached XP level 1. HP: 10/10 MP: 5/5
   182 | D:1      | Reached XP level 2. HP: 13/15 MP: 6/8
   749 | D:1      | Reached XP level 3. HP: 16/19 MP: 1/11
   891 | D:1      | Learned a level 2 spell: Throw Flame
   963 | D:2      | Noticed Sigmund
  1112 | D:2      | Reached skill level 4 in Fire Magic
  1116 | D:2      | Noticed Robin
  1216 | D:2      | Learned a level 3 spell: Conjure Flame
  1540 | D:2      | Reached XP level 4. HP: 13/24 MP: 7/15
  1569 | D:2      | Killed Robin
  1580 | D:2      | Got a warped helmet
  1591 | D:2      | Identified the +2 helmet "Frarah" {rPois Str+2} (You took it off Robin on level 2 of the Dungeon)
  2192 | D:3      | Noticed Grinder
  2320 | D:3      | Noticed Crazy Yiuf
  2331 | D:3      | Learned a level 4 spell: Sticky Flame
  3268 | D:4      | Reached XP level 5. HP: 28/28 MP: 13/18
  3368 | D:4      | Reached skill level 5 in Fire Magic
  3632 | D:4      | Reached skill level 5 in Spellcasting
  3865 | D:4      | Reached XP level 6. HP: 32/32 MP: 18/21
  4220 | D:2      | Killed Sigmund
  4384 | D:5      | Entered Level 5 of the Dungeon
  5024 | D:5      | Reached XP level 7. HP: 34/36 MP: 16/23
  5085 | D:5      | Reached skill level 6 in Spellcasting
  5085 | D:5      | Reached skill level 5 in Conjurations
  5572 | D:6      | Noticed Edmund
  5820 | D:6      | Noticed agentgt's ghost (average FoFi)
  6723 | D:6      | Killed Edmund
  6723 | D:6      | Reached skill level 7 in Spellcasting
  6723 | D:6      | Reached XP level 8. HP: 30/37 MP: 0/26
  7235 | D:6      | Reached skill level 8 in Spellcasting
  7439 | D:6      | Found a staircase to the Ecumenical Temple.
  7456 | Temple   | Entered the Ecumenical Temple
  7555 | Temple   | Became a worshipper of Vehumet
  7713 | D:6      | Found Bluggiuc's Antique Weapon Emporium.
  7720 | D:6      | Bought a slimy quarterstaff for 297 gold pieces
  7720 | D:6      | Identified the cursed -1 quarterstaff "Amud" {antimagic, Noisy rElec rPois rN+ Str-3} (You bought it in a shop on level 6 of the Dungeon)
  8404 | D:6      | Killed agentgt's ghost
  8404 | D:6      | Reached skill level 1 in Fighting
  8404 | D:6      | Reached skill level 1 in Armour
  8732 | D:7      | Got a jewelled flail
  8733 | D:7      | Identified the +4 flail "Veiso" {freeze, -Tele rElec MR+ MP+9} (You found it on level 7 of the Dungeon)
  8815 | D:7      | Reached XP level 9. HP: 44/44 MP: 21/28
  8906 | D:7      | Acquired Vehumet's first power
  8906 | D:7      | Offered knowledge of Shock by Vehumet.
  8909 | D:7      | Learned a level 1 spell: Shock
  8988 | D:7      | Learned a level 5 spell: Fireball
  9344 | D:7      | Reached skill level 1 in Air Magic
  9401 | D:7      | Found Foseovoj's Antique Weapon Shop.
  9678 | D:7      | Reached skill level 5 in Dodging
 10336 | D:8      | Offered knowledge of Freeze by Vehumet.
 10794 | D:8      | Found a white marble altar of Elyvilon.
 11173 | D:8      | Reached XP level 10. HP: 52/52 MP: 29/29
 11176 | D:8      | Found a blossoming altar of Fedhas.
 11999 | D:9      | Noticed gressup's ghost (experienced MiBe)
 12251 | D:3      | Offered knowledge of Mephitic Cloud by Vehumet.
 12253 | D:3      | Killed Grinder
 12325 | D:3      | Learned a level 3 spell: Mephitic Cloud
 12359 | D:3      | Killed Crazy Yiuf
 13198 | D:9      | Acquired Vehumet's second power
 13351 | D:9      | Reached skill level 5 in Armour
 13352 | D:9      | Reached skill level 5 in Fighting
 13693 | D:9      | Offered knowledge of Throw Icicle by Vehumet.
 13865 | D:9      | Reached skill level 5 in Air Magic
 14186 | D:9      | Noticed a cyclops
 14208 | D:10     | Entered Level 10 of the Dungeon
 14351 | D:9      | Killed gressup's ghost
 14351 | D:9      | Acquired Vehumet's third power
 14684 | D:9      | Killed a cyclops
 14684 | D:9      | Reached XP level 11. HP: 8/60 MP: 14/31
 15062 | D:10     | Found a staircase to the Lair.
 15062 | D:10     | Noticed a hill giant
 15062 | D:10     | Noticed ryw's ghost (powerful HuFi)
 15244 | D:10     | Found a glowing silver altar of Zin.
 15423 | D:10     | Offered knowledge of Airstrike by Vehumet.
 15429 | D:10     | Learned a level 4 spell: Airstrike
 15737 | D:10     | Reached skill level 9 in Dodging
 15880 | D:11     | Noticed a hill giant
 15901 | D:10     | Identified a scroll of acquirement
 15903 | D:10     | HP: 3/60 [ryw's ghost (6)]
 15904 | D:10     | Slain by ryw's ghost

Action                   |  1- 3 |  4- 6 |  7- 9 | 10-12 || total
-------------------------+-------+-------+-------+-------++-------
Melee: Dagger            |     3 |    69 |    99 |       ||   171
       Quarterstaff      |       |       |     9 |       ||     9
       Long sword        |       |       |     2 |    45 ||    47
       Flail             |       |       |     4 |     2 ||     6
 Cast: Flame Tongue      |    79 |   103 |   153 |    62 ||   397
       Conjure Flame     |     1 |       |     9 |     7 ||    17
       Throw Flame       |       |    23 |   149 |    81 ||   253
       Sticky Flame      |       |     2 |    33 |    32 ||    67
       Fireball          |       |       |     1 |    20 ||    21
       Mephitic Cloud    |       |       |       |     7 ||     7
       Shock             |       |       |       |     8 ||     8
       Airstrike         |       |       |       |     2 ||     2
Evoke: Wand              |       |       |       |     2 ||     2
  Use: Scroll            |       |     3 |     7 |    14 ||    24
       Potion            |       |       |     8 |     4 ||    12
 Stab: Sleeping          |       |       |     1 |       ||     1
       Confused          |       |       |       |     3 ||     3
  Eat: Chunk             |     1 |     9 |       |     4 ||    14
       Beef jerky        |       |     1 |       |       ||     1
       Pizza             |       |     4 |       |       ||     4
       Royal jelly       |       |       |     1 |       ||     1
       Fruit             |       |       |     3 |     5 ||     8
       Meat ration       |       |       |     3 |       ||     3
       Bread ration      |       |       |       |     2 ||     2
